 Dungeon Crawl Stone Soup version 0.18-a0-1088-g34ef3a2 (webtiles) character file.

307 JokEr the Grave Robber (level 6, -8/42 HPs)
             Began as a Demonspawn Necromancer on Jan 12, 2016.
             Mangled by a phantom (10 damage)
             ... on level 4 of the Dungeon on Jan 15, 2016.
             The game lasted 00:12:57 (4480 turns).

JokEr the Grave Robber (Demonspawn Necromancer)     Turns: 4480, Time: 00:12:57

Health: -8/42      AC:  2    Str:  9    XL:     6   Next: 16%
Magic:  7/12       EV: 12    Int: 18    God:
Gold:   177        SH:  0    Dex: 13    Spells: 4 memorised, 4 levels left

rFire  . . .     SeeInvis .       - Unarmed
rCold  . . .     Gourm    .     a - +0 robe
rNeg   . . .     Faith    .     (no shield)
rPois  .         Spirit   .     (helmet restricted)
rElec  .         Dismiss  .     (no cloak)
rCorr  .         Reflect  .     (no gloves)
SustAt .         Harm     .     (no boots)
MR     .....                    (no amulet)
Stlth  ++........               (no ring)
                                (no ring)

@: very slightly contaminated, not resistant to hostile enchantments, unstealthy
A: antennae 1, talons 2, foul stench 1, rot immunity
a: no special abilities


You were on level 4 of the Dungeon.
You were not hungry.

You visited 1 branch of the dungeon, and saw 4 of its levels.

You collected 177 gold pieces.

Inventory:

Missiles
 o - 3 throwing nets (quivered)
Armour
 a - a +0 robe (worn)
Jewellery
 h - an uncursed ring of positive energy {unknown}
 p - an uncursed amulet of rage
Scrolls
 i - 4 scrolls of remove curse
 t - 3 scrolls of identify
 u - a scroll of amnesia {unknown}
 v - a scroll of teleportation
Potions
 e - 2 potions of curing
 g - a potion of mutation {unknown}
 j - a potion of flight {unknown}
 l - a potion of heal wounds {unknown}
 m - 2 potions of poison
 n - a potion of agility {unknown}
 r - a potion of haste {unknown}
Books
 b - a book of Necromancy

   Spells                             Type                      Level
   a - Pain                           Necromancy                   1
   b - Animate Skeleton               Necromancy                   1
   c - Vampiric Draining              Necromancy                   3
   d - Regeneration                   Charms/Necromancy            3
   e - Animate Dead                   Necromancy                   4
   f - Control Undead                 Necromancy                   4
 s - a book of the Warp

   Spells                             Type                      Level
   a - Recall                         Summoning/Translocation      3
   b - Gell's Gravitas                Hexes/Translocation          3
   c - Force Lance                    Conjuration/Translocation    4
   d - Phase Shift                    Translocation                5
   e - Warp Weapon                    Charms/Translocation         5
   f - Summon Forest                  Summoning/Translocation      5
Comestibles
 f - a beef jerky
 k - a royal jelly
 q - a bread ration


   Skills:
 - Level 0.8 Fighting
 - Level 1.7 Dodging
 - Level 1.7 Stealth
 - Level 1.0 Unarmed Combat
 + Level 4.1 Spellcasting
 + Level 2.1 Charms
 + Level 5.7 Necromancy


You had 4 spell levels left.
You knew the following spells:

 Your Spells              Type           Power        Failure   Level  Hunger
a - Pain                  Necr           ###.         1%          1    None
b - Regeneration          Chrm/Necr      ###.......   10%         3    ###....
c - Animate Dead          Necr           N/A          17%         4    ####...
d - Animate Skeleton      Necr           N/A          1%          1    None


Dungeon Overview and Level Annotations

Branches:
Dungeon (4/15)
 Temple: D:4-7

Altars:

Annotations:
D:4 Voda's ghost, amateur OpCK


Innate Abilities, Weirdness & Mutations

You have a pair of small antennae on your head.
You have razor-sharp toenails.
You may emit foul miasma when damaged in melee.
You are immune to rotting.


Message History

The phantom is lightly damaged.
The phantom hits you. The phantom hits you!
* * * LOW HITPOINT WARNING * * *
You emit a cloud of foul miasma!
You hit the phantom but do no damage. Your kick misses the phantom.
The phantom is lightly damaged.
The phantom completely misses you.
You barely miss the phantom.
The phantom is lightly damaged.
The phantom hits you.
* * * LOW HITPOINT WARNING * * *
The phantom blinks!
You hit the phantom but do no damage. Your kick misses the phantom.
The phantom is lightly damaged.
The phantom hits you.
* * * LOW HITPOINT WARNING * * *
The phantom blinks!
You feel yourself speed up.
You barely miss the phantom. The phantom hits you!
You die...

## ###########
######## .
#.......W@#
#......# #
#.#######.#
#.####.# ##
#### #.#
#...##.# .#
.....
#.########.##.#
.##...#
#.....####.##.#
......#
###.#.........#
....#..
#.#.####.####
<#....#. #<#.#
#.# #...#...
###.####.#


You could see a phantom.

Vanquished Creatures
  An ogre (D:3)
  An orc wizard (D:3)
  An orc priest (D:3)
  A worker ant (D:3)
  4 gnolls (D:2)
  2 adders (D:2)
  An ooze (D:2)
  6 giant geckos
  3 orcs (D:3)
  10 bats
  2 giant cockroaches
  10 goblins
  13 hobgoblins
  3 quokkas
  4 giant newts
  6 kobolds
  6 rats
74 creatures vanquished.

Notes
Turn   | Place    | Note
--------------------------------------------------------------
     0 | D:1      | JokEr the Demonspawn Necromancer began the quest for the Orb.
     0 | D:1      | Reached XP level 1. HP: 13/13 MP: 3/3
    25 | D:1      | Upgraded the game from 0.18-a0-1060-g4fac74f to 0.18-a0-1088-g34ef3a2
   415 | D:1      | Gained mutation: You are immune to rotting. [demonic ancestry]
   415 | D:1      | Reached XP level 2. HP: 18/20 MP: 1/5
  1139 | D:2      | Reached skill level 1 in Unarmed Combat
  1205 | D:2      | Gained mutation: You have sharp toenails. [demonic ancestry]
  1205 | D:2      | Reached XP level 3. HP: 23/25 MP: 3/6
  1599 | D:1      | Learned a level 3 spell: Regeneration
  2019 | D:2      | Gained mutation: You have a pair of small antennae on your head. [demonic ancestry]
  2019 | D:2      | Reached XP level 4. HP: 18/31 MP: 0/8
  2173 | D:2      | You fall through a shaft for 2 floors!
  2177 | D:4      | Noticed an ogre
  2187 | D:4      | Noticed Voda's ghost (amateur OpCK)
  2201 | D:3      | Reached skill level 5 in Necromancy
  2670 | D:2      | Learned a level 4 spell: Animate Dead
  2672 | D:2      | Learned a level 1 spell: Animate Skeleton
  3530 | D:3      | Gained mutation: You have razor-sharp toenails. [demonic ancestry]
  3530 | D:3      | Reached XP level 5. HP: 33/36 MP: 6/10
  3586 | D:3      | Reached skill level 1 in Charms
  4055 | D:3      | Killed an ogre
  4055 | D:3      | Gained mutation: You may emit foul miasma when damaged in melee. [demonic ancestry]
  4055 | D:3      | Reached XP level 6. HP: 32/42 MP: 0/12
  4477 | D:4      | HP: 1/42 [phantom (4)]
  4480 | D:4      | Mangled by a phantom

Vault maps used:
D:1:      minmay_arrival_semitransparent, serial_bayou_lagoon_b
D:3:      first_bread

Action                   |  1- 3 |  4- 6 || total
-------------------------+-------+-------++-------
Melee: Unarmed           |    11 |    17 ||    28
 Cast: Pain              |    67 |    61 ||   128
       Animate Dead      |       |    10 ||    10
       Regeneration      |       |     1 ||     1
  Use: Scroll            |     4 |     5 ||     9
       Potion            |     1 |     2 ||     3
  Eat: Chunk             |     2 |     5 ||     7
       Bread ration      |     1 |       ||     1
       Meat ration       |       |     1 ||     1
